[Event "*** Titled Tuesday Blitz"]
[Site "Chess.com"]
[Date "2020.11.24"]
[Round "3"]
[White "Arseniy_Nesterov"]
[Black "PriSachu"]
[Result "1-0"]
[WhiteElo "2795"]
[BlackElo "2542"]
[TimeControl "180+1"]
[EndTime "10:44:05 PST"]
[Termination "Arseniy_Nesterov won by resignation"]

1. d4 Nf6 2. c4 g6 3. Nc3 Bg7 4. e4 O-O 5. Be2 d6 6. Be3 Nc6 7. d5 Ne5 8. Nf3 Nxf3+ 9. Bxf3 e6 10. O-O exd5 11. cxd5 Re8 12. Rc1 Bd7 13. Qb3 c5 14.
Qxb7 Qb6 15. Qxb6 axb6 16. a3 b5 17. e5 Rxe5 18. Bf4 Nh5 19. Bxe5 Bxe5 20. Bxh5 gxh5 21. Rfe1 b4 22. axb4 cxb4 23. Nd1 Bf5 24. Ne3 Bg6 25. Nc4 Bf4 26. Rcd1 Rc8 27. Rd4 Be5 28. Nxe5 dxe5 29. Rxb4 Bd3 30. h3 e4 31. Rbxe4 Bxe4 32. Rxe4 Rb8 33.
b4 Kg7 34. d6 Kf6 35. d7 Rd8 36. Rd4 Ke7 37. Kh2 Rxd7 38. Rxd7+ Kxd7 39. Kg3 Kc6 40. Kh4 1-0

[Event "*** Titled Tuesday Blitz"]
[Site "Chess.com"]
[Date "2020.11.24"]
[Round "3"]
[White "anon219"]
[Black "Itk04"]
[Result "1-0"]
[WhiteElo "2773"]
[BlackElo "2491"]
[TimeControl "180+1"]
[EndTime "10:44:05 PST"]
[Termination "anon219 won by resignation"]

1. e4 e6 2. d4 d5 3. Nc3 Bb4 4. e5 b6 5. Qg4 Bf8 6. Bg5 Qd7 7.
O-O-O Ba6 8. Bxa6 Nxa6 9. Kb1 Nb8 10. Nge2 Nc6 11. h4 h6 12. Be3 h5 13. Qg5 g6 14.
Qg3 Nge7 15. Bg5 Nf5 16. Qf4 Na5 17. f3 Nc4 18. g4 Ne7 19. Ng3 c5 20. dxc5 Nc6 21.
Nge4 Bg7 22. Bf6 Kf8 23. gxh5 Rxh5 24. Ng3 Rh7 25. Bxg7+ Rxg7 26. Qxc4 Nxe5 27. Qf4 Nc6 28. h5 d4 29. hxg6 Ke7 30. Nce4 e5 31. Qf6+ 1-0

[Event "*** Titled Tuesday Blitz"]
[Site "Chess.com"]
[Date "2020.11.24"]
[Round "3"]
[White "MarcoRiehle"]
[Black "redbaron8888"]
[Result "0-1"]
[WhiteElo "2697"]
[BlackElo "2535"]
[TimeControl "180+1"]
[EndTime "10:44:05 PST"]
[Termination "redbaron8888 won by resignation"]

1. e4 e6 2. c4 d5 3. cxd5 exd5 4. Qb3 dxe4 5. Bc4 Qd7 6. Nh3 Nc6 7. Ng5 Ne5 8. d3 Nf6 9. O-O Nxc4 10. Qxc4 Qd5 11. Nxe4 Qxc4 12. Nxf6+ gxf6 13. dxc4 Be6 14. b3 Rg8 15.
Nc3 O-O-O 16. Bf4 f5 17. Rad1 Bc5 18. Rxd8+ Rxd8 19. Rd1 Rxd1+ 20. Nxd1 c6 21. Be3 Bxe3 22. Nxe3 f4 23. Nd1 Kc7 24. Nc3 Kd6 25. Kf1 Kc5 26. Ke2 Kb4 27. Kd2 Bf5 28. Ne2 Bb1 29. Nd4 Bxa2 30.
Ne2 Bxb3 31. Nxf4 a5 32. Kc1 Bxc4 33. Nh5 a4 34. Nf6 a3 35. g4 Bd3 36. Nd7 Kc3 0-1

[Event "*** Titled Tuesday Blitz"]
[Site "Chess.com"]
[Date "2020.11.24"]
[Round "3"]
[White "GameOverBro"]
[Black "Nils_03"]
[Result "1-0"]
[WhiteElo "2504"]
[BlackElo "2244"]
[TimeControl "180+1"]
[EndTime "10:44:05 PST"]
[Termination "GameOverBro won on time"]

1. e4 e5 2. Nf3 Nc6 3. Bb5 a6 4. Ba4 Nf6 5. d4 exd4 6. O-O d6 7. Nxd4 Bd7 8. Nc3 Be7 9. Re1 O-O 10. Bg5 h6 11. Bh4 Nxd4 12. Bxd7 Nxc2 13. Qxc2 Qxd7 14.
Rad1 Ne8 15. Bg3 Qe6 16. Nd5 c6 17. Nxe7+ Qxe7 18. Qb3 Rd8 19. Qb4 c5 20. Qb6 Rc8 21. Bxd6 Nxd6 22. Qxd6 Qxd6 23. Rxd6 Rfe8 24. Rd5 c4 25. f3 c3 26. bxc3 Rxc3 27. Re2 Rec8 28. Kf2 Ra3 29. Rd7 b5 30. h4 h5 31. e5 g6 32. Kg3 Rc6 33. Kf4 Ra4+ 34. Kg3 Kf8 35.
Ra7 b4 36. Rd2 Re6 37. Rdd7 Rxe5 38. Rxf7+ Kg8 39. Rg7+ Kh8 40. Rh7+ Kg8 41. Rag7+ Kf8 42. Rxg6 Rxa2 43. Rb6 Kg8 44. Rc7 Re8 45. Rxb4 1-0

[Event "*** Titled Tuesday Blitz"]
[Site "Chess.com"]
[Date "2020.11.24"]
[Round "3"]
[White "Ermito2020"]
[Black "Fandorine"]
[Result "0-1"]
[WhiteElo "2634"]
[BlackElo "2865"]
[TimeControl "180+1"]
[EndTime "10:44:06 PST"]
[Termination "Fandorine won by resignation"]

1. e4 c5 2. Nf3 e6 3. d4 cxd4 4. Nxd4 Nc6 5. Nc3 Qc7 6. Be3 a6 7. Qf3 Bd6 8. O-O-O Be5 9. g3 Nge7 10. Qe2 b5 11. f4 Bxd4 12. Bxd4 Nxd4 13. Rxd4 Rb8 14. Qd2 O-O 15. Bg2 Qa5 16. Kb1 b4 17. Ne2 d5 18.
exd5 Nxd5 19. Bxd5 exd5 20. Rxd5 Qb6 21. Rd1 Bg4 22.
h3 Bxh3 23. g4 Bxg4 24. f5 Qf2 25. Qg5 Bxe2 26. Rg1 g6 27. f6 Rbd8 28. Rxd8 Rxd8 29. Rc1 Rd6 30. Qe5 Rxf6 31. Qe7 Kg7 32. Qxb4 Qf4 33.
Qe7 Re6 34. Qa7 h5 35. Re1 Bc4 0-1

[Event "*** Titled Tuesday Blitz"]
[Site "Chess.com"]
[Date "2020.11.24"]
[Round "3"]
[White "akanga001"]
[Black "Cambek64"]
[Result "1/2-1/2"]
[WhiteElo "1953"]
[BlackElo "2288"]
[TimeControl "180+1"]
[EndTime "10:44:06 PST"]
[Termination "Game drawn by agreement"]

1. d4 d5 2. c4 dxc4 3. e3 a6 4. Bxc4 e6 5. Nf3 b5 6. Bb3 Bb7 7. O-O Nf6 8. Ne5 c5 9. Nc3 cxd4 10. exd4 Nbd7 11. Bg5 Be7 12. Nxd7 Qxd7 13. Bxf6 Bxf6 14.
d5 exd5 15. Nxd5 Bxd5 16. Bxd5 Rd8 17. Re1+ Kf8 18. Bf3 Bxb2 19. Qxd7 Rxd7 20. Bc6 Rd8 21. Rad1 Rxd1 22. Rxd1 Ke7 23. Rd7+ Kf6 24. Bd5 Rc8 25. g3 Rc2 26. Rxf7+ Kg6 27. Ra7 Rxf2 28. Rxa6+ Rf6 29. Be4+ Kh6 30. Rxf6+ Bxf6 31. Kf2 b4 32. Bd5 Bd4+ 33. Kf3 Kg5 34. h4+ Kf6 35. g4 h6 36. h5 Ke5 37.
Bb3 Bb2 38. Bc4 1/2-1/2

[Event "*** Titled Tuesday Blitz"]
[Site "Chess.com"]
[Date "2020.11.24"]
[Round "3"]
[White "Lion-Al-Messi"]
[Black "JoliyRoger"]
[Result "1-0"]
[WhiteElo "2559"]
[BlackElo "2375"]
[TimeControl "180+1"]
[EndTime "10:44:07 PST"]
[Termination "Lion-Al-Messi won by checkmate"]

1. e4 c6 2. Nf3 d5 3. Nc3 Nf6 4.
e5 Ne4 5. Ne2 e6 6. d4 h6 7. Ng3 Nxg3 8. hxg3 c5 9. c3 cxd4 10.
cxd4 Nc6 11. Be2 Be7 12. O-O O-O 13. Be3 Bd7 14. a3 Na5 15. Nd2 Rc8 16. f4 b5 17.
b3 b4 18. axb4 Bxb4 19. g4 f5 20. gxf5 exf5 21. Nf3 Qb6 22. Kh2 Be7 23. Rb1 Bb5 24. Nd2 Bb4 25. Rf3 Bxd2 26. Qxd2 Bxe2 27. Qxe2 Nc6 28.
Qf2 Nd8 29. Rg3 Ne6 30. Rg6 Kh7 31. Rg3 Rc3 32. b4 Rfc8 33. Qf3 Nxd4 34. Qxd5 Rd8 35.
Qf7 Rxe3 36. Qxg7# 1-0

[Event "*** Titled Tuesday Blitz"]
[Site "Chess.com"]
[Date "2020.11.24"]
[Round "3"]
[White "Savva09022009"]
[Black "BocharovD"]
[Result "0-1"]
[WhiteElo "2532"]
[BlackElo "2791"]
[TimeControl "180+1"]
[EndTime "10:44:08 PST"]
[Termination "BocharovD won by resignation"]

1. d4 Nf6 2. Nc3 d5 3. Bf4 a6 4. e3 e6 5. Nf3 c5 6. Bd3 Nc6 7.
dxc5 Bxc5 8. O-O Qe7 9. e4 d4 10. Ne2 e5 11. Bg3 O-O 12. Nd2 Nh5 13. Nxd4 Bxd4 14.
Qxh5 Bxb2 15. Rab1 Bd4 16. Qd1 Be6 17. Kh1 Rad8 18.
Nf3 Bc5 19. Nxe5 Nxe5 20. Bxe5 Bxa2 21. Rb2 Bc4 22. Bc3 b5 23. Qg4 Bd4 24. Bb4 Qe6 25. Qxe6 Bxe6 26. Rbb1 Rfe8 27. f4 f6 28. Rfd1 Ba2 29.
Rbc1 Bb2 30. Ra1 Bxa1 31. Rxa1 Bc4 32. Bxc4+ bxc4 33. Re1 Rd4 34. e5 Rxf4 35. e6 Rf5 36. e7 Re5 37. Ra1 a5 38. Bd6 Rd5 39. Ba3 Rd2 40.
c3 Rc2 41. Bc5 Rxc3 42. h3 Rd3 43. Rxa5 c3 44. Ra2 Rd2 45. Ra1 c2 0-1

[Event "*** Titled Tuesday Blitz"]
[Site "Chess.com"]
[Date "2020.11.24"]
[Round "3"]
[White "BAS8892"]
[Black "Xeniya2005"]
[Result "0-1"]
[WhiteElo "2591"]
[BlackElo "2430"]
[TimeControl "180+1"]
[EndTime "10:44:08 PST"]
[Termination "Xeniya2005 won by checkmate"]

1. c4 e5 2. Nc3 Bb4 3. Qc2 Bxc3 4. Qxc3 Nc6 5. e3 Nf6 6. Nf3 d6 7. a3 a5 8. b3 O-O 9. Bb2 Re8 10.
d3 Bf5 11. Be2 d5 12. cxd5 Nxd5 13. Qc2 Bg6 14. O-O Qd6 15. Rfd1 Rad8 16. Rac1 h6 17.
h3 Nb6 18. Qc5 Qe6 19. Qc3 Nd5 20. Qc2 e4 21. dxe4 Bxe4 22. Qc5 Qg6 23. Qb5 Nce7 24. Ne1 Nf5 25. Bf1 Nh4 26. g3 Nf3+ 27. Nxf3 Bxf3 28. Bd4 c6 29. Qxb7 Nxe3 30. Rd3 Nxf1 31. Rxf3 Nd2 32. Rf4 Rxd4 33. Rxc6 Qd3 34. Qxf7+ Kh7 35. Rxd4 Re1+ 36. Kh2 Nf3+ 37. Kg2 Rg1# 0-1

[Event "*** Titled Tuesday Blitz"]
[Site "Chess.com"]
[Date "2020.11.24"]
[Round "3"]
[White "SanchezKelvin"]
[Black "ArjunErigaisi2003"]
[Result "0-1"]
[WhiteElo "2462"]
[BlackElo "2933"]
[TimeControl "180+1"]
[EndTime "10:44:09 PST"]
[Termination "ArjunErigaisi2003 won on time"]

1. d4 e6 2. c4 c5 3. Nf3 g6 4. Nc3 Nf6 5. e4 cxd4 6. Nxd4 d5 7. cxd5 exd5 8. exd5 Bg7 9. Bb5+ Bd7 10. Qe2+ Qe7 11.
O-O Qxe2 12. Bxe2 O-O 13. Bf3 Na6 14. d6 Nc5 15. Bg5 h6 16. Bxf6 Bxf6 17. Rad1 Kg7 18. Nd5 Be5 19. b4 Na4 20. Nc7 Rad8 21. Nb3 b6 22. Rd3 Bf5 23. Rd2 Bxd6 24. Nd5 Be5 25. g4 Be6 26. Rfd1 Rd6 27. Ne3 Rfd8 28. Rxd6 Rxd6 29.
Rxd6 Bxd6 30. b5 Nc3 31. Bc6 Nxa2 32. Nd5 Bxg4 33. Nd4 Bc5 0-1

[Event "*** Titled Tuesday Blitz"]
[Site "Chess.com"]
[Date "2020.11.24"]
[Round "3"]
[White "Zhani-Z"]
[Black "tylityli"]
[Result "1-0"]
[WhiteElo "2521"]
[BlackElo "2337"]
[TimeControl "180+1"]
[EndTime "10:44:10 PST"]
[Termination "Zhani-Z won by resignation"]

1. e4 e5 2. Nf3 Nc6 3. Nc3 Nf6 4. Bb5 Bd6 5. d3 a6 6. Ba4 b5 7.
Bb3 h6 8. h3 Na5 9. Ne2 Nxb3 10. axb3 Bb7 11. Ng3 g6 12. O-O Kf8 13. d4 Nxe4 14.
Nxe5 Kg7 15. Qf3 f5 16. c4 Qf6 17. Bf4 Nd2 18. Qxb7 Nxf1 19. Rxf1 Rhe8 20. c5 Rab8 21. Qd5 Bf8 22. Nxd7 Qd8 23. Be5+ Kh7 24. Qf7+ 1-0

[Event "*** Titled Tuesday Blitz"]
[Site "Chess.com"]
[Date "2020.11.24"]
[Round "3"]
[White "Chigorinetz"]
[Black "CM_rui"]
[Result "1-0"]
[WhiteElo "2562"]
[BlackElo "2376"]
[TimeControl "180+1"]
[EndTime "10:44:11 PST"]
[Termination "Chigorinetz won by checkmate"]

1. e4 e5 2. Bc4 Nf6 3. d3 c6 4. Nf3 d5 5. Bb3 Bd6 6. Bg5 dxe4 7. dxe4 O-O 8. O-O Bg4 9. Nbd2 h6 10. Bh4 Qe7 11. Nc4 Bc7 12. Ne3 Be6 13. Qe2 Nbd7 14.
Bxe6 Qxe6 15. Nf5 Nc5 16. Nd2 Rad8 17. Rfd1 Rxd2 18. Rxd2 Ncxe4 19. Bxf6 Nxd2 20. Bxg7 Rd8 21. Qg4 Rd4 22. Nxh6+ Qxh6 23. Bxh6+ Rxg4 24. Bxd2 Bb6 25. Kf1 Rf4 26. Bxf4 exf4 27. Rd1 Kg7 28. Rd7 Kg6 29. Rxb7 f5 30. b4 Kf6 31. a4 Ke5 32. Rxb6 axb6 33.
a5 bxa5 34. bxa5 Kd6 35. h4 c5 36. h5 f3 37. gxf3 c4 38. h6 c3 39. h7 f4 40.
h8=Q Kd5 41. Qxc3 Ke6 42. a6 Kf5 43. a7 Kg6 44. a8=Q Kg5 45. Qd5+ Kh4 46. Qh8# 1-0

[Event "*** Titled Tuesday Blitz"]
[Site "Chess.com"]
[Date "2020.11.24"]
[Round "3"]
[White "RestartingChess"]
[Black "MillyNeuf"]
[Result "0-1"]
[WhiteElo "2547"]
[BlackElo "2399"]
[TimeControl "180+1"]
[EndTime "10:44:13 PST"]
[Termination "MillyNeuf won on time"]

1. e4 e5 2. Nf3 Nc6 3. Bc4 Bc5 4. c3 Nf6 5. O-O O-O 6. d4 exd4 7. e5 d5 8. exf6 dxc4 9. fxg7 Re8 10. cxd4 Nxd4 11.
Nxd4 Qxd4 12. Qxd4 Bxd4 13. Nc3 c6 14. Bf4 Bxg7 15.
Rad1 Be6 16. h3 Rad8 17. Bc7 Rd3 18. Ne4 Bxb2 19. Rb1 c3 20. Nf6+ Kf8 21. Nxe8 Kxe8 22. Be5 Bxa2 23. Rbe1 Kd7 24. Rd1 Rxd1 25. Rxd1+ Ke6 0-1

[Event "*** Titled Tuesday Blitz"]
[Site "Chess.com"]
[Date "2020.11.24"]
[Round "3"]
[White "ljuks68"]
[Black "IrishMonkey"]
[Result "0-1"]
[WhiteElo "2392"]
[BlackElo "2564"]
[TimeControl "180+1"]
[EndTime "10:44:14 PST"]
[Termination "IrishMonkey won on time"]

1. e4 c5 2. Nf3 e6 3. d4 cxd4 4. Nxd4 Nf6 5. Nc3 d6 6. Bg5 Be7 7. f4 O-O 8. Qf3 a6 9. O-O-O Qc7 10. g4 b6 11. Bh4 g6 12. g5 Nfd7 13. Bg3 b5 14. Bd3 b4 15. Nce2 Nc6 16. Nxc6 Qxc6 17.
h4 a5 18. h5 e5 19. Kb1 exf4 20.
Bxf4 Ne5 21. Qf2 Nxd3 22. cxd3 Bg4 23. Rdg1 Bxh5 24. Qh2 Qb5 25. Rd1 b3 26. a3 Rfc8 27. Nd4 Qd7 28. Rc1 Bf8 29. e5 Rxc1+ 30. Rxc1 Bg7 31.
Nxb3 a4 32. Nd4 Qe8 33. Nc6 Bf3 34. d4 Be4+ 35. Ka1 Bxc6 36. exd6 Bxd4 37. Rd1 Bd7 0-1

[Event "*** Titled Tuesday Blitz"]
[Site "Chess.com"]
[Date "2020.11.24"]
[Round "3"]
[White "Unknown_IM"]
[Black "onetowin"]
[Result "1-0"]
[WhiteElo "2388"]
[BlackElo "2111"]
[TimeControl "180+1"]
[EndTime "10:44:15 PST"]
[Termination "Unknown_IM won by resignation"]

1. e4 c5 2. Nf3 e6 3. c3 Nf6 4.
e5 Nd5 5. d4 cxd4 6. cxd4 d6 7. a3 Nc6 8. Bd3 dxe5 9. dxe5 Be7 10.
O-O O-O 11. Qc2 h6 12. Qe2 Bd7 13. Qe4 f5 14. exf6 Nxf6 15. Qe2 Qc7 16. Nc3 a6 17. h3 Bd6 18. Be3 Rae8 19. Rfd1 e5 20. Ne4 Nxe4 21. Bxe4 Bf5 22. Qc4+ Kh8 23. Bxc6 bxc6 24.
Rac1 Bxh3 25. Nh4 Bf5 26. Nxf5 Rxf5 27. Qxc6 Qxc6 28. Rxc6 Bf8 29. Rxa6 e4 30. g3 Rb5 31. b4 Rc8 32. Re6 Ra8 33. Rxe4 Rxa3 34. Re8 Rf5 35.
Rdd8 Kg8 36. b5 Rb3 37. b6 g5 38.
g4 Rf7 39. Bc5 Rb1+ 40. Kg2 1-0

[Event "*** Titled Tuesday Blitz"]
[Site "Chess.com"]
[Date "2020.11.24"]
[Round "3"]
[White "witcher8"]
[Black "Grineva_Marianna"]
[Result "1-0"]
[WhiteElo "2436"]
[BlackElo "2203"]
[TimeControl "180+1"]
[EndTime "10:44:15 PST"]
[Termination "witcher8 won on time"]

1. e4 c5 2. Nc3 a6 3. a4 b6 4. g3 Bb7 5. Bg2 e6 6. f4 h5 7. Nf3 Be7 8. h3 Nh6 9. d3 f6 10. O-O Nf7 11. Be3 d5 12. exd5 exd5 13. d4 Nd7 14.
Nh4 cxd4 15. Bxd4 Nc5 16. Ng6 Rh6 17. Nxe7 Kxe7 18. Re1+ Kf8 19. b4 Nd7 20. Nxd5 Rc8 21. c3 Rg6 22. Kh2 h4 23. g4 Bc6 24.
Qd3 Rh6 25. Rad1 Bxa4 26. Rd2 Bb5 27. Qe3 Nb8 28. Nxb6 Qe8 29. Nxc8 Qxc8 30. Qe7+ Kg8 31. Bd5 Kh7 32. Bxf7 Nc6 33. Qe4+ Kh8 34. Qe8+ Qxe8 35. Rxe8+ Kh7 36. Be3 1-0

[Event "*** Titled Tuesday Blitz"]
[Site "Chess.com"]
[Date "2020.11.24"]
[Round "3"]
[White "IceBelka"]
[Black "RamyresCoelho"]
[Result "0-1"]
[WhiteElo "2316"]
[BlackElo "2097"]
[TimeControl "180+1"]
[EndTime "10:44:15 PST"]
[Termination "RamyresCoelho won by checkmate"]

1. e4 c5 2. Nf3 d6 3. d4 cxd4 4.
Nxd4 Nf6 5. Nc3 a6 6. Be3 e6 7. f3 b5 8. Qd2 Bb7 9. a3 Nbd7 10. g4 h6 11. h4 Rc8 12. Bg2 Ne5 13. Bf1 d5 14. exd5 Nxd5 15. Nxd5 Qxd5 16. Be2 Be7 17.
Rh3 O-O 18. Nb3 Qxd2+ 19. Kxd2 Rfd8+ 20. Kc1 Bd5 21. Nd2 Rc6 22. f4 Nc4 23. Nxc4 bxc4 24. c3 Be4 25. g5 Bf5 26. Rh1 Be4 27. Rg1 hxg5 28. hxg5 Rd7 29. a4 Rc8 30. a5 Bd3 31.
Bf3 Rb8 32. Bd4 Rxd4 33. cxd4 Bd6 34. Kd2 Bxf4+ 35. Kc3 Rb3# 0-1

[Event "*** Titled Tuesday Blitz"]
[Site "Chess.com"]
[Date "2020.11.24"]
[Round "3"]
[White "ViktoriyaTarasova"]
[Black "JustKid"]
[Result "1-0"]
[WhiteElo "2287"]
[BlackElo "2495"]
[TimeControl "180+1"]
[EndTime "10:44:16 PST"]
[Termination "ViktoriyaTarasova won on time"]

1. d4 d5 2. c4 e6 3. Nc3 c5 4.
cxd5 exd5 5. Nf3 Nc6 6. g3 Nf6 7. Bg2 Be7 8. O-O O-O 9. dxc5 Bxc5 10. a3 Ne4 11. Qc2 Nxc3 12. Qxc3 Be7 13. Qd3 Bf6 14. Rd1 Qb6 15. Be3 Qxb2 16. Rab1 Qa2 17. Ng5 Bf5 18.
Qxf5 Bxg5 19. Bxd5 Qxe2 20. Qxg5 Rad8 21. Bb3 h6 22. Qf4 1-0

[Event "*** Titled Tuesday Blitz"]
[Site "Chess.com"]
[Date "2020.11.24"]
[Round "3"]
[White "hawes33"]
[Black "Piotrek1979"]
[Result "0-1"]
[WhiteElo "2216"]
[BlackElo "2497"]
[TimeControl "180+1"]
[EndTime "10:44:16 PST"]
[Termination "Piotrek1979 won by checkmate"]

1. e4 c6 2. Nc3 d5 3. d4 dxe4 4. Nxe4 Bf5 5. Ng3 Bg6 6. Nh3 e6 7. Nf4 Bd6 8. h4 Qc7 9. Nfh5 Bxh5 10. Nxh5 g6 11. Qg4 f5 12. Qg5 gxh5 13. Qxh5+ Qf7 14. Qf3 Nd7 15. Bg5 h6 16. Be3 Ngf6 17. Bd3 Nd5 18.
Bd2 Nb4 19. Bxb4 Bxb4+ 20. c3 Bd6 21. O-O-O O-O-O 22. Rhe1 Rde8 23. Bc4 Nb6 24. Bb3 Qf6 25. c4 c5 26. dxc5 Bxc5 27. Kb1 Rd8 28. Bc2 Rxd1+ 29. Qxd1 Rd8 30. Qe2 Rd6 31. g3 Qd4 32. Rd1 Qxc4 33. Bd3 Qd4 34. Bc2 Qxf2 35. Qh5 Rxd1+ 36. Bxd1 Qd2 37. Bc2 Kc7 38. Qf7+ Nd7 39. Qxe6 Be3 40. a3 Qc1+ 41. Ka2 Qxc2 42. Qxe3 Qc4+ 43. Kb1 h5 44.
Qe8 Qe4+ 45. Qxe4 fxe4 46. Kc2 Kd6 47. Kd2 Ke5 48. Ke3 Nf6 49. b3 Ng4+ 50. Ke2 Kd4 51. Kd2 e3+ 52. Ke2 Ke4 53. b4 b5 54.
a4 bxa4 55. b5 a3 56. b6 axb6 57. Ke1 Kd3 58. Kf1 Kd2 59. Kg2 Ke2 60. Kh3 a2 61.
Kg2 a1=Q 62. Kh3 Qf1# 0-1

[Event "*** Titled Tuesday Blitz"]
[Site "Chess.com"]
[Date "2020.11.24"]
[Round "3"]
[White "amiralfio"]
[Black "Hercog"]
[Result "0-1"]
[WhiteElo "2485"]
[BlackElo "2283"]
[TimeControl "180+1"]
[EndTime "10:44:16 PST"]
[Termination "Hercog won by resignation"]

1. e4 c6 2. Nc3 d5 3. Nf3 Bg4 4. h3 Bxf3 5. Qxf3 e6 6. d3 Nd7 7. Be2 Ngf6 8. O-O d4 9. Nb1 Bd6 10. g3 O-O 11. Nd2 b5 12. a4 a6 13. Qg2 c5 14. f4 e5 15. Nf3 Qc7 16. Nh4 c4 17. Nf5 cxd3 18. Bxd3 Nc5 19. Nxd6 Qxd6 20. fxe5 Qxe5 21.
Bf4 Qe6 22. axb5 Nxd3 23. cxd3 axb5 24. Bg5 Nd7 25. Bf4 Ra2 26. Rxa2 Qxa2 27. Bd6 Rc8 28. Qf2 Qe6 29. Qxd4 Qxh3 30. Qd5 Nf6 31. Qb7 h6 32.
Be5 Rc2 33. Qb8+ Kh7 0-1

[Event "*** Titled Tuesday Blitz"]
[Site "Chess.com"]
[Date "2020.11.24"]
[Round "3"]
[White "Squirlolz"]
[Black "eCztery"]
[Result "1-0"]
[WhiteElo "2529"]
[BlackElo "2344"]
[TimeControl "180+1"]
[EndTime "10:44:17 PST"]
[Termination "Squirlolz won on time"]

1. e4 c5 2. Na3 d5 3. exd5 Nf6 4. Nf3 Nxd5 5. d4 cxd4 6. Bb5+ Bd7 7. O-O Nc6 8. Nxd4 e6 9. Bxc6 bxc6 10. Nc4 Bc5 11. Ne5 O-O 12. c4 Nb6 13. b3 Qf6 14. Ndf3 Rad8 15.
Bg5 Qf5 16. Bxd8 Rxd8 17. Qe2 f6 18. Nxd7 Rxd7 19. Rad1 e5 20. Rxd7 Nxd7 21. Rd1 e4 22. Nd2 Qe5 23. Nxe4 f5 24. Ng3 f4 25. Rxd7 fxg3 26.
Qxe5 1-0

[Event "*** Titled Tuesday Blitz"]
[Site "Chess.com"]
[Date "2020.11.24"]
[Round "3"]
[White "AldokhinIvan"]
[Black "OK97"]
[Result "0-1"]
[WhiteElo "2491"]
[BlackElo "2772"]
[TimeControl "180+1"]
[EndTime "10:44:20 PST"]
[Termination "OK97 won by resignation"]

1. e4 e6 2. d4 d5 3. Nc3 Nf6 4.
exd5 exd5 5. Bd3 Nc6 6. Nge2 Nb4 7. Bb5+ c6 8. Ba4 Be7 9. O-O O-O 10. Bf4 Bf5 11.
Ng3 Bg6 12. Qd2 Re8 13. a3 Na6 14. Rae1 Nc7 15. Be5 Nd7 16. f4 f6 17. Bxc7 Qxc7 18. Re2 Bd6 19. Bb3 Kh8 20. Nd1 a5 21. c3 a4 22. Bc2 Bxc2 23. Qxc2 Bxf4 24. Qxa4 Bxg3 25. hxg3 Qxg3 26. Rf3 Qg6 27. Rxe8+ Rxe8 28. Qb3 b5 29.
Ne3 h6 30. Nf5 Re2 31. g3 Qg4 32. Qb4 Qxf3 0-1

[Event "*** Titled Tuesday Blitz"]
[Site "Chess.com"]
[Date "2020.11.24"]
[Round "3"]
[White "saraswathii"]
[Black "Rud_Makarian"]
[Result "1-0"]
[WhiteElo "2403"]
[BlackElo "2742"]
[TimeControl "180+1"]
[EndTime "10:44:20 PST"]
[Termination "saraswathii won by resignation"]

1. e4 c5 2. d3 Nc6 3. Nf3 g6 4. g3 Bg7 5. Bg2 d6 6. O-O e5 7. c3 Nge7 8. a3 O-O 9. b4 a6 10. Be3 b6 11. Nbd2 h6 12. Nh4 Be6 13. Qe2 d5 14.
bxc5 d4 15. cxd4 exd4 16. Bf4 g5 17. Bxg5 hxg5 18. Nhf3 Ng6 19. cxb6 Qxb6 20. Nxg5 Bh6 21. Nxe6 fxe6 22. Nc4 Qd8 23. Qg4 Kh7 24. Qxe6 Rf6 25. Qh3 Ra7 26. f4 Rf8 27. e5 Na5 28. Nd6 Rg7 29. Nf5 Rxf5 30. Qxf5 Nb3 31. Ra2 Qa5 32. Be4 Nd2 33. Rf2 Nxe4 34. Qxe4 Rc7 35. f5 Rc1+ 36. Kg2 Nxe5 37. f6+ Kg8 38. f7+ Nxf7 39. Qg6+ Bg7 40. Qxf7+ Kh7 41. Rf5 Rc5 42. Qh5+ Kg8 43. Rxc5 1-0

[Event "*** Titled Tuesday Blitz"]
[Site "Chess.com"]
[Date "2020.11.24"]
[Round "3"]
[White "Nachsueb"]
[Black "KononenkoD"]
[Result "0-1"]
[WhiteElo "2180"]
[BlackElo "2493"]
[TimeControl "180+1"]
[EndTime "10:44:20 PST"]
[Termination "KononenkoD won by resignation"]

1. c4 c5 2. Nc3 Nc6 3. g3 g6 4. Bg2 Bg7 5. e3 e5 6. Nge2 d6 7. O-O Be6 8. d3 Qd7 9. Re1 Bh3 10. Bh1 h5 11. Nd5 h4 12. Rb1 Nge7 13. d4 hxg3 14. fxg3 exd4 15. Nef4 dxe3 16. Bxe3 O-O 17. Nxh3 Qxh3 18.
Nf4 Qd7 19. Bxc5 Rad8 20. Bf2 Nf5 21. Nd5 Rfe8 22. Qd2 Ne5 23. b3 b6 24. Qg5 Re6 25. Rbd1 Rde8 26. Nf4 Bh6 27. Nxe6 Rxe6 28. Rxe5 Bxg5 29.
Red5 Be3 30. R5d3 Bxf2+ 31. Kxf2 Qc7 32. Bd5 Qc5+ 33. Kg2 Ne3+ 34. Kf3 Nxd1 35. Bxe6 Qf2+ 36. Kg4 fxe6 0-1

[Event "*** Titled Tuesday Blitz"]
[Site "Chess.com"]
[Date "2020.11.24"]
[Round "3"]
[White "Klavdia_Nik"]
[Black "YIYUKI"]
[Result "0-1"]
[WhiteElo "2084"]
[BlackElo "2338"]
[TimeControl "180+1"]
[EndTime "10:44:20 PST"]
[Termination "YIYUKI won on time"]

1. Nf3 d5 2. c4 dxc4 3. Na3 Nf6 4.
Nxc4 g6 5. b3 Bg7 6. Bb2 O-O 7.
g3 c5 8. Bg2 Nc6 9. O-O h6 10.
d3 Be6 11. Bc3 Rc8 12. Qd2 Qd7 13. Rfe1 Nd4 14. Qb2 Nd5 15. Bxd4 cxd4 16. Nce5 Qd6 17. Qxd4 Nb4 18. Qb2 Nc2 19. Rec1 Nxa1 20. Rxa1 Rc7 21. d4 Rfc8 22. Qd2 Rc2 23. Qd3 Bf5 24. e4 R8c3 25. Qb5 Bxe4 26. Qe8+ Kh7 27. Qxf7 Qf6 0-1

[Event "*** Titled Tuesday Blitz"]
[Site "Chess.com"]
[Date "2020.11.24"]
[Round "3"]
[White "baki83"]
[Black "Sergienko_Sergey"]
[Result "1-0"]
[WhiteElo "2733"]
[BlackElo "2346"]
[TimeControl "180+1"]
[EndTime "10:44:21 PST"]
[Termination "baki83 won by resignation"]

1. e4 c5 2. Nf3 a6 3. c3 e6 4. d4 d5 5. exd5 exd5 6. Bd3 c4 7. Bc2 Bd6 8. O-O Ne7 9. b3 cxb3 10. axb3 O-O 11. c4 Bf5 12. Nc3 Bxc2 13. Qxc2 Nbc6 14. Re1 Rc8 15. Bg5 f6 16. Bh4 Qd7 17. c5 Bc7 18.
Bg3 Bxg3 19. hxg3 Nf5 20. Qd2 g5 21. g4 Ng7 22. Nh2 Rce8 23. Re3 Rxe3 24. fxe3 h5 25. gxh5 Nxh5 26. Qe2 Ng7 27. Qf3 Ne7 28. Ng4 Qe6 29.
Rf1 f5 30. Ne5 f4 31. b4 Nef5 32. Nxd5 fxe3 33. Nxe3 g4 34. Qf4 Rf6 35. N3xg4 Rf8 36.
Qg5 Qd5 37. Nh6+ Nxh6 38. Rxf8+ Kxf8 39. Ng6+ 1-0

[Event "*** Titled Tuesday Blitz"]
[Site "Chess.com"]
[Date "2020.11.24"]
[Round "3"]
[White "manipun1"]
[Black "JulAnt"]
[Result "1-0"]
[WhiteElo "2252"]
[BlackElo "2435"]
[TimeControl "180+1"]
[EndTime "10:44:21 PST"]
[Termination "manipun1 won by resignation"]

1. e4 c5 2. Nf3 e6 3. c4 Nf6 4.
Nc3 d5 5. exd5 exd5 6. d4 dxc4 7.
Bxc4 Nc6 8. d5 Nb8 9. O-O Bd6 10. Re1+ Kf8 11. Bg5 h6 12. Bh4 g5 13. Bg3 Kg7 14. Bxd6 Qxd6 15. Nb5 Qd8 16. d6 Nc6 17. Nc7 Rb8 18.
Qd2 Bf5 19. Qc3 Qxd6 20. Nd5 Kg6 21. Rad1 Nxd5 22. Rxd5 Qf6 23. Ne5+ Nxe5 24. Rexe5 Bb1 25. Qc1 Rhe8 26. Rxe8 Rxe8 27. Qxb1+ Kg7 28. h3 b6 29. Rd1 Qf4 30. b3 h5 31. Qd3 g4 32. hxg4 hxg4 33. Qg3 Qg5 34. Qc3+ f6 35. Qd2 Qe5 36.
Qd7+ Kh6 37. Qxg4 Re7 38. g3 Rg7 39. Qh4+ Kg6 40. Bd3+ Kf7 41. Qe4 Qh5 42. Bc4+ Kf8 43. Rd8+ 1-0

[Event "*** Titled Tuesday Blitz"]
[Site "Chess.com"]
[Date "2020.11.24"]
[Round "3"]
[White "zala02"]
[Black "FLamps8"]
[Result "0-1"]
[WhiteElo "2149"]
[BlackElo "2478"]
[TimeControl "180+1"]
[EndTime "10:44:22 PST"]
[Termination "FLamps8 won by resignation"]

1. d4 d5 2. c4 c6 3. Nf3 Nf6 4. e3 a6 5. Nc3 b5 6. b3 Bg4 7.
Bb2 e6 8. h3 Bxf3 9. Qxf3 bxc4 10. bxc4 Qb6 11. Rb1 Bb4 12. Rc1 Ba5 13. Ba1 Ne4 14.
Bd3 Nxc3 15. Bxc3 Qb2 16. O-O Bxc3 17. Rb1 Qa3 18. cxd5 cxd5 19. e4 Nc6 20. exd5 Nxd4 21. Qe4 f5 22. Qe3 O-O 23. dxe6 Rae8 24. Bc4 Re7 25.
Rfd1 f4 26. Qe4 f3 27. Rxd4 Bxd4 28. Qxd4 fxg2 29. Qg4 Qc5 30. Rb3 Qxf2+ 0-1